 Dungeon Sprint DCSS version 0.31-b1-22-gc680215f68 (webtiles) character file.

Game seed: 208768228205243915

1904 Groucho the Gargoyle Cataclysm (level 9, 0/62 HPs)
             Began as a Gargoyle Fighter on Jan 18, 2024.
             Was a High Priest of Qazlal.
             Killed from afar by a molten gargoyle (6 damage)
             ... with a bolt of magma
             ... in the Dungeon (Sprint VII: "The Pits").
             The game lasted 00:04:01 (951 turns).

Groucho the Gargoyle Cataclysm (Gargoyle Fighter)    Turns: 951, Time: 00:04:03

Health: 0/62       AC: 33    Str: 24    XL:     9   Next: 16%
Magic:  12/17      EV: 10    Int: 12    God:    Qazlal [*****.]
Gold:   0          SH: 17    Dex:  9    Spells: 8/8 levels left

rFire   + . .        b - +2 flail (protect)
rCold   . . .        a - +0 kite shield
rNeg    + . .        s - +3 plate armour
rPois   ∞            t - +0 helmet
rElec   +            (no cloak)
rCorr   .            u - +0 pair of gloves
SInv    .            (no boots)
Will    .....        (no amulet) Stlth
                     p - +3 ring of intelligence
HPRegen 0.30/turn    q - +3 ring of evasion
MPRegen 0.15/turn

%: no teleportation, repel missiles
@: protected from fire, under a protective aura
A: sickness immunity, AC +6, negative energy resistance 1, electricity
resistance, torment resistance 1, petrification resistance
a: Renounce Religion, Upheaval, Elemental Force, Disaster Area


You were in the Dungeon.
You worshipped Qazlal.
Qazlal was extremely pleased with you.
You visited 1 branch

Inventory:

Hand Weapons
 b - a +2 flail of protection (weapon)
Armour
 a - a +0 kite shield (worn)
 s - a +3 plate armour (worn)
 t - a +0 helmet (worn)
 u - a +0 pair of gloves (worn)
Jewellery
 p - a +3 ring of intelligence (left hand)
 q - a +3 ring of evasion (right hand)
Wands
 c - a wand of flame (4)
Scrolls
 j - a scroll of blinking
 l - 2 scrolls of vulnerability
 m - 5 scrolls of amnesia
 n - a scroll of summoning
Potions
 d - a potion of might
 e - 9 potions of curing
 f - 10 potions of heal wounds
 g - 2 potions of haste
 h - 3 potions of magic
 i - 3 potions of berserk rage
 k - 2 potions of invisibility
 r - 2 potions of brilliance


   Skills:
 + Level 10.0 Fighting
 + Level 8.8 Maces & Flails
 + Level 9.8 Armour
 + Level 4.0 Dodging
 + Level 9.8 Shields
 * Level 10.7 Invocations


You had 8 spell levels left.
You didn't know any spells.
Your spell library was empty.

Dungeon Overview and Level Annotations

Branches:
Dungeon (1/1)

Altars:
Ashenzari
Cheibriados
Dithmenos
Elyvilon
Fedhas
Gozag
Hepliaklqana
Kikubaaqudgha
Makhleb
Nemelex Xobeh
Okawaru
Qazlal
Ru
Sif Muna
Trog
Uskayaw
Vehumet
Wu Jian
Xom
Yredelemnul
Zin
The Shining One
Jiyva
Lugonu


Innate Abilities, Weirdness & Mutations

You are immune to sickness and miasma.
Your stone body is resilient. (AC +6)
You are immune to poison.
You resist negative energy. (rN+)
You are resistant to electric shocks. (rElec)
You are resistant to unholy torment.
You are immune to petrification.


Message History

You barely miss the molten gargoyle.
The molten gargoyle is moderately damaged.
The molten gargoyle sizzles in the rain.
The molten gargoyle hits you with a +0 flail!
You are engulfed in flames.
You resist.
You hit the molten gargoyle but do no damage.
The molten gargoyle is heavily damaged.
You block the merfolk's attack.
The molten gargoyle sizzles in the rain.
The molten gargoyle blasts magma at you!
The bolt of magma hits you. You partially resist.
You hear a sizzling sound!
You block the merfolk's attack.
Unknown command.
You hit the molten gargoyle but do no damage.
The molten gargoyle is heavily damaged.
The molten gargoyle blasts magma at you!
The bolt of magma misses you. The merfolk closely misses you.
You completely miss the molten gargoyle.
The molten gargoyle is heavily damaged.
The molten gargoyle blasts magma at you!
The bolt of magma hits you!! You partially resist.
* * * LOW HITPOINT WARNING * * *
You block the merfolk's attack.
You hit the molten gargoyle but do no damage.
The molten gargoyle is heavily damaged.
The molten gargoyle sizzles in the rain.
You block the molten gargoyle's attack.
The merfolk hits you from afar with a +0 trident.
* * * LOW HITPOINT WARNING * * *
Your resistance to fire fades away.
You feel protected from physical attacks.
You hit the molten gargoyle.
The molten gargoyle is severely damaged.
The molten gargoyle sizzles in the rain.
The molten gargoyle blasts magma at you!
The bolt of magma hits you.
Your resistance to physical damage fades away.
You feel protected from fire.
You die...

##))##.......##')#####
.#))##.......##).....#
.#[[##.......##....###
.#'###...<...##...##
)...##.......##..##
....##.......##..#
######.......##°§#
.#÷.###########.§+
.#.############.@#
.#.#....#...[##.9#
.#)#....#...[##.m#
.#.'....'..))##...
.#)#....#..))##...
.).#....#..))##....
###################


You could see a merfolk and a molten gargoyle.

Vanquished Creatures
  A black mamba (D)
  A kobold demonologist (D)
  A rime drake (D)
  Sigmund (D)
  A fire bat (D)
  An acid dragon (D)
  Duvessa (D)
  An orc warrior (D)
  A phantom (D)
  A kobold brigand (D)
  A gnoll sergeant (D)
  3 wights (D)
  Dowan (D)
  3 gnolls (D)
  An adder (D)
  A river rat (D)
  2 bat zombies (D)
  A giant cockroach (D)
  2 hobgoblins (D)
  8 jackals (D)
  2 frilled lizards (D)
  A goblin (D)
  A rat (D)
37 creatures vanquished.

Notes
Turn   | Place    | Note
-------+----------+-------------------------------------------
     0 | D        | Groucho the Gargoyle Fighter began the quest for the Orb.
     0 | D        | Reached XP level 1. HP: 14/14 MP: 1/1
    24 | D        | Reached skill level 1 in Invocations
    24 | D        | Reached XP level 2. HP: 20/20 MP: 1/3
    51 | D        | Found a glowing golden altar of the Shining One.
    51 | D        | Found a glowing silver altar of Zin.
    51 | D        | Found a basalt altar of Yredelemnul.
    51 | D        | Found a shimmering altar of Xom.
    51 | D        | Found an ornate altar of the Wu Jian Council.
    51 | D        | Found a bloodstained altar of Trog.
    51 | D        | Found a shimmering blue altar of Sif Muna.
    51 | D        | Found a sacrificial altar of Ru.
    51 | D        | Found a stormy altar of Qazlal.
    51 | D        | Found an iron altar of Okawaru.
    51 | D        | Found a sparkling altar of Nemelex Xobeh.
    51 | D        | Found a burning altar of Makhleb.
    51 | D        | Found a viscous altar of Jiyva.
    51 | D        | Found a hazy altar of Hepliaklqana.
    51 | D        | Found an opulent altar of Gozag.
    51 | D        | Found a blossoming altar of Fedhas.
    51 | D        | Found a white marble altar of Elyvilon.
    51 | D        | Found a shadowy altar of Dithmenos.
    51 | D        | Found a snail-covered altar of Cheibriados.
    52 | D        | Found a radiant altar of Vehumet.
    52 | D        | Found a corrupted altar of Lugonu.
    53 | D        | Found an ancient bone altar of Kikubaaqudgha.
    53 | D        | Found a hide-covered altar of Uskayaw.
    53 | D        | Found a broken altar of Ashenzari.
    57 | D        | Became a worshipper of Qazlal Stormbringer
    86 | D        | Reached * piety under Qazlal
    90 | D        | Reached XP level 3. HP: 24/24 MP: 4/4
    98 | D        | Reached ** piety under Qazlal
   108 | D        | Reached *** piety under Qazlal
   111 | D        | Noticed a kobold brigand
   121 | D        | Killed a kobold brigand
   122 | D        | Reached skill level 5 in Fighting
   122 | D        | Reached skill level 5 in Armour
   122 | D        | Reached skill level 5 in Shields
   122 | D        | Reached XP level 4. HP: 25/31 MP: 5/7
   185 | D        | Noticed a fire bat
   187 | D        | Killed a fire bat
   187 | D        | Reached **** piety under Qazlal
   188 | D        | Reached skill level 5 in Maces & Flails
   188 | D        | Reached skill level 5 in Invocations
   188 | D        | Reached XP level 5. HP: 37/37 MP: 4/9
   188 | D        | Reached XP level 6. HP: 42/42 MP: 4/10
   188 | D        | Noticed Sigmund
   190 | D        | Killed Sigmund
   197 | D        | Reached ***** piety under Qazlal
   198 | D        | Reached XP level 7. HP: 47/49 MP: 2/12
   402 | D        | Reached skill level 1 in Dodging
   456 | D        | Noticed a kobold demonologist
   474 | D        | Noticed a rust devil
   476 | D        | Killed a kobold demonologist
   477 | D        | Reached XP level 8. HP: 56/56 MP: 12/14
   480 | D        | Noticed Duvessa
   480 | D        | Noticed Dowan
   484 | D        | Killed Dowan
   487 | D        | Killed Duvessa
   812 | D        | Noticed a rime drake
   814 | D        | Killed a rime drake
   816 | D        | Reached skill level 10 in Invocations
   925 | D        | Noticed a black mamba
   933 | D        | Killed a black mamba
   934 | D        | Reached skill level 10 in Fighting
   934 | D        | Reached XP level 9. HP: 59/62 MP: 9/17
   940 | D        | Noticed a molten gargoyle
   945 | D        | Noticed a merfolk
   951 | D        | Killed from afar by a molten gargoyle

Illustrated notes

Levels and vault maps discovered:
D:        pitsprint [storerooms_1, entrance_room_1, metal_vault_6, armoury_1,
          mini_pit_1, grid_room_1, main_hall_1, silver_pit, the_coven_2,
          the_vestibule_1, steel_vault_3, golden_pit, hallway_of_sentries,
          crystal_vault_2, iron_vault_1, final_vault]

Skill      XL: |  1  2  3  4  5  6  7  8 |
---------------+-------------------------+-----
Invocations    | 1 2 4 5 7 8 10 | 10.7
Fighting       | 4 5 6 8 10 | 10.0
Maces & Flails | 3 4 5 6 7 8 |  8.8
Armour         | 4 5 6 8 9 |  9.8
Shields        | 4 5 6 8 9 |  9.8
Dodging        | 2 4 |  4.0

Action                     |  1- 3 |  4- 6 |  7- 9 || total
---------------------------+-------+-------+-------++-------
  Melee: Flail             |    11 |     1 |    48 ||    60
         Mace              |    41 |       |       ||    41
 Invoke: Upheaval          |       |     5 |     7 ||    12
    Use: Potion            |       |     1 |       ||     1
 Armour: Scale mail        |    35 |       |       ||    35
         Chain mail        |       |     5 |    19 ||    24
         Plate armour      |       |       |     9 ||     9
  Dodge: Dodged            |    31 |     1 |     7 ||    39
  Block: Buckler           |    19 |     4 |       ||    23
         Kite shield       |       |       |    29 ||    29
